 Dungeon Crawl Stone Soup version 0.21.1-68-g103a7afc0a (webtiles) character file.

3048 Tovisen the Thaumaturge (level 9, -5/40 HPs)
             Began as a Spriggan Conjurer on July 23, 2018.
             Was a Follower of Vehumet.
             Killed from afar by a gargoyle (23 damage)
             ... with a stone arrow
             ... on level 8 of the Dungeon on Aug 2, 2018.
             The game lasted 01:29:55 (11926 turns).

Tovisen the Thaumaturge (Spriggan Conjurer)        Turns: 11926, Time: 01:29:55

Health: -5/40      AC:  4    Str:  4    XL:     9   Next: 57%
Magic:  8/24       EV: 23    Int: 19    God:    Vehumet [*.....]
Gold:   325        SH:  0    Dex: 17    Spells: 20/28 levels left

rFire    . . .     SeeInvis +   J - +0 dagger
rCold    . . .     Gourm    .   (shield restricted)
rNeg     . . .     Faith    .   a - +1 robe
rPois    .         Spirit   .   (helmet restricted)
rElec    .         Reflect  .   I - +0 cloak
rCorr    .         Harm     .   (gloves unavailable)
MR       +....                  (boots unavailable)
Stlth    +++.......             r - amulet of magic regeneration
HPRegen  0.13/turn              j - ring of fire
MPRegen  0.44/turn              y - ring of ice

@: very slightly contaminated, very quick
A: very small, unfitting armour, see invisible, herbivore, speed 3, slow
metabolism 2
a: Renounce Religion


You were on level 8 of the Dungeon.
You worshipped Vehumet.
Vehumet was aware of your devotion.
You were not hungry.

You visited 1 branch of the dungeon, and saw 9 of its levels.
You also visited: Sewer.

You collected 325 gold pieces.

Inventory:

Hand Weapons
 w - a +1 vampiric hand axe
 J - a +0 dagger (weapon)
Missiles
 d - 49 bolts
 f - 224 stones
 g - 5 tomahawks (quivered)
Armour
 a - a +1 robe (worn)
 p - a scarf of spirit shield
 I - a +0 cloak (worn)
Jewellery
 j - a ring of fire (left hand)
 r - an amulet of magic regeneration (around neck)
 y - a ring of ice (right hand)
 A - an uncursed ring of wizardry {unknown}
Wands
 B - a wand of disintegration (9)
Scrolls
 e - 6 scrolls of identify
 h - 2 scrolls of immolation
 k - 2 scrolls of enchant armour
 l - 2 scrolls of fog
 s - a scroll of amnesia
 F - a scroll of remove curse
 K - a scroll of teleportation
Potions
 i - 3 potions of mutation
 m - 3 potions of curing {unknown}
 n - 2 potions of flight {unknown}
 o - 3 potions of berserk rage {unknown}
 q - a potion of resistance {unknown}
 u - 4 potions of degeneration {unknown}
 v - 2 potions of invisibility {unknown}
 x - a potion of brilliance {unknown}
 z - 2 potions of haste
 C - a potion of lignification {unknown}
 G - a potion of ambrosia {unknown}
Books
 b - a book of Conjurations

   Spells                             Type                      Level
   a - Magic Dart                     Conjuration                  1
   b - Searing Ray                    Conjuration                  2
   c - Dazzling Spray                 Conjuration/Hexes            3
   d - Fulminant Prism                Conjuration/Hexes            4
   e - Force Lance                    Conjuration/Translocation    4
   f - Iskenderun's Mystic Blast      Conjuration                  4
 H - a book of Geomancy

   Spells                             Type                      Level
   a - Sandblast                      Earth                        1
   b - Passwall                       Transmutation/Earth          2
   c - Stone Arrow                    Conjuration/Earth            3
   d - Petrify                        Transmutation/Earth          4
   e - Lee's Rapid Deconstruction     Earth                        5
Comestibles
 c - 13 rations


   Skills:
 - Level 0.3 Fighting
 + Level 2.2 Throwing
 + Level 7.2 Dodging
 + Level 5.4 Stealth
 + Level 10.0 Spellcasting
 + Level 7.2 Conjurations
 + Level 1.9 Hexes
 + Level 0.5 Earth Magic


You had 20 spell levels left.
You knew the following spells:

 Your Spells              Type           Power        Failure   Level  Hunger
a - Magic Dart            Conj           ####         1%          1    None
b - Searing Ray           Conj           #####.       1%          2    None
c - Fulminant Prism       Conj/Hex       ####......   11%         4    ##.....
d - Sandblast             Erth           ##....       6%          1    None


Dungeon Overview and Level Annotations

Branches:
Dungeon (9/15)             Temple (0/1) D:5
   Lair: D:8-11         Orc: D:9-12

Altars:
Ashenzari
Cheibriados
Hepliaklqana
Kikubaaqudgha
Nemelex Xobeh
Okawaru
Qazlal
Ru
Sif Muna
Trog
Vehumet
Xom
Zin

Annotations:
D:4 Pikel
D:6 Eustachio
D:9 Gastronok


Innate Abilities, Weirdness & Mutations

You are very small and have problems with some larger weapons.
You are too small for most types of armour.
You have supernaturally acute eyesight. (SInv)
You are a herbivore.
You cover ground extremely quickly.
You need consume almost no food.


Message History

Casting: Fulminant Prism
Confirm with . or Enter, or press ? or * to list all spells.
Aiming: Magic Dart
Press: ? - help, Shift-Dir - straight line, f - gargoyle
Aim: a gargoyle, wielding a dire flail of protection (almost destroyed)
The magic dart hits the gargoyle.
The gargoyle is almost destroyed.
Casting: Magic Dart
Confirm with . or Enter, or press ? or * to list all spells.
Aiming: Magic Dart
Press: ? - help, Shift-Dir - straight line, f/p - gargoyle
Aim: a gargoyle, wielding a dire flail of protection (almost destroyed)
The magic dart hits the gargoyle.
The gargoyle is almost destroyed.
The gargoyle hurls a stone arrow at you.
The stone arrow misses you.
The gargoyle hurls a stone arrow at you.
The stone arrow hits you!
Ouch! That really hurt!
You die...

#9##.....# ....
#.##....# #...
#.#.....# #.
#.#.....# ##
##.......#
#...9...##
#........####
#...####......####
......
###@......##
......#
##.......###
#.....
##........##
##....
###.......## #....
##.......##
#..%.....#
#.<###...### #.##
##....## ###
###...#


You could see a gargoyle.

Vanquished Creatures
  A gargoyle (D:7)
  2 hogs (D:7)
  A human (D:6)
  A water moccasin (D:7)
  An ice beast (D:6)
  3 slaves (D:4)
  4 phantoms
  A sky beast (D:9)
  An ogre (D:6)
  A centaur (D:6)
  The ghost of Silim the Gusty, an amateur TeAE (D:3)
  4 bullfrogs
  3 scorpions
  2 howler monkeys (D:8)
  4 centaur zombies
  2 jellies
  An orc priest (D:8)
  A centaur skeleton (D:5)
  A bullfrog skeleton (D:7)
  6 hounds
  An iguana (D:5)
  3 orc wizards
  4 worker ants
  The ghost of Sapher the Grave Robber, a weakling GnNe (D:6)
  2 hound zombies
  A hound skeleton (D:4)
  4 gnolls
  11 adders
  A river rat (D:4)
  4 shadow imps
  4 oozes
  An adder skeleton (D:6)
  2 worms (D:2)
  2 dart slugs (D:2)
  5 leopard geckos
  12 orcs
  6 bats
  4 giant cockroaches
  7 hobgoblins
  7 jackals
  7 quokkas
  3 ball pythons
  8 frilled lizards
  7 goblins
  2 kobolds (D:3)
  2 rats (D:4)
152 creatures vanquished.

Vanquished Creatures (others)
  17 fulminant prisms
17 creatures vanquished.

Grand Total: 169 creatures vanquished

Notes
Turn   | Place    | Note
-------+----------+-------------------------------------------
     0 | D:1      | Tovisen the Spriggan Conjurer began the quest for the Orb.
     0 | D:1      | Reached XP level 1. HP: 9/9 MP: 5/5
   582 | D:1      | Reached XP level 2. HP: 13/13 MP: 3/6
   714 | D:1      | Learned a level 2 spell: Searing Ray
  1154 | D:1      | Reached XP level 3. HP: 16/16 MP: 5/8
  1645 | D:2      | Found a snail-covered altar of Cheibriados.
  1760 | D:2      | Reached skill level 3 in Spellcasting
  1804 | D:2      | You fall through a shaft for 2 floors!
  1942 | D:4      | Reached XP level 4. HP: 21/21 MP: 2/9
  1947 | D:4      | Noticed an ogre
  2192 | D:4      | Found a glowing drain.
  2244 | D:5      | Entered Level 5 of the Dungeon
  2366 | D:4      | Reached skill level 1 in Throwing
  2426 | Sewer    | Entered a sewer
  2483 | D:3      | Found a hazy altar of Hepliaklqana.
  2872 | D:4      | Reached XP level 5. HP: 22/24 MP: 6/11
  3936 | D:3      | Learned a level 4 spell: Fulminant Prism
  4149 | D:3      | Noticed Silim's ghost (amateur TeAE)
  4477 | D:3      | Reached skill level 4 in Spellcasting
  4553 | D:4      | Noticed a slave
  4558 | D:4      | Noticed Pikel
  4558 | D:4      | Noticed a slave
  4563 | D:4      | Noticed a slave
  4578 | D:4      | Killed a slave
  4594 | D:4      | Noticed a slave
  4893 | D:3      | HP: 1/24 [Silim's ghost/zap (6)]
  5370 | D:3      | Killed Silim's ghost
  5370 | D:3      | Reached XP level 6. HP: 22/28 MP: 4/13
  5535 | D:3      | Found a sparkling altar of Nemelex Xobeh.
  5738 | D:3      | Found a radiant altar of Vehumet.
  5754 | D:3      | Became a worshipper of Vehumet
  5951 | D:4      | Killed a slave
  5957 | D:4      | Killed a slave
  6281 | D:5      | Found a staircase to the Ecumenical Temple.
  6352 | D:5      | Reached XP level 7. HP: 32/32 MP: 2/15
  6430 | D:5      | Reached skill level 5 in Spellcasting
  6430 | D:5      | Reached skill level 5 in Conjurations
  6906 | D:5      | Found a bloodstained altar of Trog.
  6906 | D:5      | Found an iron altar of Okawaru.
  7101 | D:5      | Reached skill level 6 in Spellcasting
  7211 | D:6      | Reached skill level 5 in Dodging
  7582 | D:6      | Reached XP level 8. HP: 33/37 MP: 9/19
  7726 | D:6      | Noticed Sapher's ghost (weakling GnNe)
  7785 | D:7      | Found a deep blue altar of Sif Muna.
  8020 | D:7      | Reached skill level 7 in Spellcasting
  8021 | D:7      | Found a stormy altar of Qazlal.
  8138 | D:7      | Reached skill level 5 in Stealth
  8207 | D:7      | Found a glowing silver altar of Zin.
  8299 | D:6      | Reached * piety under Vehumet
  8299 | D:6      | Offered knowledge of Sandblast by Vehumet.
  8435 | D:6      | Learned a level 1 spell: Sandblast
  9034 | D:7      | Reached skill level 1 in Hexes
  9068 | D:7      | Found an ancient bone altar of Kikubaaqudgha.
  9098 | D:7      | Reached skill level 8 in Spellcasting
  9196 | D:6      | Found a shattered altar of Ashenzari.
  9324 | D:6      | Killed Sapher's ghost
  9463 | D:6      | Noticed Eustachio
 10187 | D:7      | Reached XP level 9. HP: 28/40 MP: 16/22
 10447 | D:7      | Found a shimmering altar of Xom.
 10485 | D:8      | Reached skill level 9 in Spellcasting
 10557 | D:8      | Noticed a troll
 11064 | D:9      | Noticed Gastronok
 11064 | D:9      | Noticed a two-headed ogre
 11227 | D:7      | Found a sacrificial altar of Ru.
 11676 | D:8      | Noticed a gargoyle
 11728 | D:7      | Killed a gargoyle
 11749 | D:7      | Upgraded the game from 0.21.1-1-g345015fe64 to 0.21.1-68-g103a7afc0a
 11802 | D:8      | Reached skill level 10 in Spellcasting
 11874 | D:8      | Noticed a gargoyle
 11926 | D:8      | Killed from afar by a gargoyle

Skill      XL: |  1  2  3  4  5  6  7  8  9 |
---------------+----------------------------+-----
Conjurations   | 3 4 5 6 7 |  7.2
Spellcasting   | 3 4 6 8 10 | 10.0
Throwing       | 1 2 |  2.2
Stealth        | 4 5 |  5.4
Dodging        | 4 5 6 7 |  7.2
Hexes          | 1 |  1.9
Fighting       | |  0.3
Earth Magic    | |  0.5

Action                   |  1- 3 |  4- 6 |  7- 9 || total
-------------------------+-------+-------+-------++-------
Melee: Unarmed           |     6 |       |       ||     6
Throw: Stone             |    20 |    17 |       ||    37
 Cast: Magic Dart        |    36 |    87 |   211 ||   334
       Searing Ray       |    14 |    39 |    51 ||   104
       Fulminant Prism   |       |     3 |    14 ||    17
       Sandblast         |       |       |     2 ||     2
  Use: Scroll            |       |     6 |     6 ||    12
  Eat: Ration            |       |     3 |     3 ||     6
Armor: Robe              |     4 |     5 |    14 ||    23
Dodge: Dodged            |    27 |    64 |   173 ||   264
